[ AOE2 MATCH · #504977681 ]
UnrankedArmenians vs Aztecs
Player's team · WIN
Rival team · LOSS
[ REPLAY ANALYSIS · EXTRACTED FROM THE RECORDED GAME ]
Feudal
11:20
Castle
21:41
Imperial
37:33
| APM avg | 93.2 |
| APM peak | 148 |
| eAPM avg | 52.0 |
| Villagers / military | 264 / 452 |
Focus
⚔️ 52.5% · 🌾 47.5%
Skirmisher ×188 · Composite Bowman ×124 · Scout Cavalry ×69 · Archer ×26 · Trebuchet (Packed) ×15 · Cavalry Archer ×11
Feudal
9:19
Castle
21:12
Imperial
34:24
| APM avg | 78.9 |
| APM peak | 131 |
| eAPM avg | 50.7 |
| Villagers / military | 217 / 559 |
Focus
⚔️ 65.7% · 🌾 34.3%
Eagle Scout ×186 · Skirmisher ×178 · Archer ×119 · Mangonel ×29 · Spearman ×26 · Trebuchet (Packed) ×13
Match map
Initial resources + every placement click. Lines = walls · curves = elevation contours. ◆ gold · ⬟ stone · ● berries · ✦ relic · ◌ wall gap
Your base· ✓ Closed at 21:41 · 43t walls · 1 gate(s)
wR.Prisma's base· Open — opponent sealed themselves in
Smoothed initial terrain · ◌ = detected wall gap · hover for details
Inputs per minute
— SalzZ_classicpro - - wR.Prisma
Build order — SalzZ_classicpro
First 150 of 1037 actions detected
| 0:00 | Create | Villager (Male) |
| 0:00 | Create | Villager (Male) |
| 0:01 | Build | House |
| 0:02 | Build | House |
| 0:09 | Create | Villager (Male) |
| 0:14 | Create | Villager (Male) |
| 1:28 | Create | Villager (Male) |
| 1:57 | Create | Villager (Male) |
| 2:11 | Create | Villager (Male) |
| 2:19 | Build | Mule Cart |
| 2:45 | Create | Villager (Male) |
| 2:45 | Create | Villager (Male) |
| 3:01 | Create | Villager (Male) |
| 3:01 | Create | Villager (Male) |
| 3:30 | Create | Villager (Male) |
| 3:31 | Create | Villager (Male) |
| 3:49 | Build | House |
| 3:58 | Create | Villager (Male) |
| 3:58 | Create | Villager (Male) |
| 4:18 | Build | Barracks |
| 4:29 | Create | Villager (Male) |
| 4:29 | Create | Villager (Male) |
| 5:04 | Build | House |
| 5:11 | Create | Militia |
| 5:11 | Create | Militia |
| 5:20 | Create | Villager (Male) |
| 5:38 | Create | Militia |
| 5:38 | Create | Militia |
| 5:46 | Create | Villager (Male) |
| 6:06 | Create | Villager (Male) |
| 6:19 | Build | Mill |
| 6:30 | Create | Villager (Male) |
| 6:45 | Build | House |
| 6:50 | Create | Villager (Male) |
| 6:53 | Build | Palisade Wall |
| 7:10 | Create | Villager (Male) |
| 7:20 | Build | Palisade Wall |
| 7:32 | Create | Villager (Male) |
| 7:49 | Build | Palisade Wall |
| 7:51 | Build | Palisade Wall |
| 8:01 | Research | Loom |
| 8:41 | Create | Villager (Male) |
| 8:48 | Build | House |
| 8:50 | Build | Palisade Wall |
| 8:51 | Build | Palisade Wall |
| 8:55 | Build | Palisade Wall |
| 8:55 | Build | Palisade Wall |
| 8:56 | Build | Palisade Wall |
| 8:59 | Research | Feudal Age |
| 9:27 | Build | Mule Cart |
| 9:34 | Build | Palisade Wall |
| 9:35 | Build | Palisade Wall |
| 10:50 | Build | Mule Cart |
| 10:54 | Create | Villager (Male) |
| 11:20 | Age | Feudal Age |
| 11:22 | Build | Archery Range |
| 11:25 | Research | Double-Bit Axe |
| 11:25 | Research | Double-Bit Axe |
| 11:31 | Create | Villager (Male) |
| 11:58 | Create | Villager (Male) |
| 12:12 | Create | Archer |
| 12:14 | Create | Villager (Male) |
| 12:18 | Build | House |
| 12:21 | Build | Palisade Wall |
| 12:24 | Build | Blacksmith |
| 12:33 | Create | Skirmisher |
| 12:36 | Build | Farm |
| 12:38 | Create | Villager (Male) |
| 12:48 | Create | Villager (Male) |
| 12:59 | Create | Skirmisher |
| 13:04 | Research | Fletching |
| 13:04 | Research | Fletching |
| 13:07 | Build | Farm |
| 13:08 | Build | Farm |
| 13:14 | Build | Farm |
| 13:26 | Create | Villager (Male) |
| 13:28 | Build | Farm |
| 13:34 | Build | Palisade Wall |
| 13:38 | Create | Archer |
| 13:47 | Build | Farm |
| 13:53 | Build | Palisade Wall |
| 14:00 | Create | Skirmisher |
| 14:02 | Create | Villager (Male) |
| 14:08 | Build | House |
| 14:22 | Create | Villager (Male) |
| 14:23 | Build | Palisade Wall |
| 14:27 | Build | Farm |
| 14:28 | Build | Farm |
| 14:32 | Build | Farm |
| 14:36 | Create | Skirmisher |
| 14:39 | Build | Palisade Gate |
| 14:51 | Research | Horse Collar |
| 15:01 | Build | Farm |
| 15:09 | Create | Villager (Male) |
| 15:09 | Create | Villager (Male) |
| 15:13 | Build | Farm |
| 15:19 | Build | House |
| 15:20 | Build | House |
| 15:26 | Create | Archer |
| 15:26 | Create | Archer |
| 15:26 | Create | Archer |
| 15:30 | Create | Villager (Male) |
| 15:35 | Build | Farm |
| 15:40 | Create | Archer |
| 15:40 | Create | Villager (Male) |
| 16:02 | Create | Villager (Male) |
| 16:07 | Build | Farm |
| 16:14 | Build | Farm |
| 16:19 | Build | House |
| 16:19 | Build | House |
| 16:20 | Build | House |
| 16:23 | Create | Archer |
| 16:33 | Create | Villager (Male) |
| 16:41 | Build | Farm |
| 16:49 | Create | Archer |
| 17:04 | Create | Archer |
| 17:09 | Build | Farm |
| 17:10 | Create | Villager (Male) |
| 17:16 | Build | Farm |
| 17:18 | Build | Farm |
| 17:35 | Create | Villager (Male) |
| 17:43 | Build | Farm |
| 17:45 | Create | Villager (Male) |
| 17:45 | Create | Archer |
| 18:03 | Build | Archery Range |
| 18:12 | Create | Villager (Male) |
| 18:18 | Create | Archer |
| 18:40 | Build | House |
| 18:41 | Build | House |
| 18:42 | Build | House |
| 18:51 | Create | Archer |
| 19:01 | Research | Castle Age |
| 19:03 | Create | Archer |
| 19:03 | Create | Archer |
| 19:04 | Create | Archer |
| 19:04 | Create | Archer |
| 19:16 | Build | Mule Cart |
| 19:49 | Create | Archer |
| 19:49 | Create | Archer |
| 19:52 | Create | Archer |
| 19:53 | Create | Archer |
| 20:10 | Create | Archer |
| 20:10 | Create | Archer |
| 20:17 | Build | Stable |
| 20:20 | Research | Scale Barding Armor |
| 20:20 | Research | Scale Barding Armor |
| 20:26 | Create | Archer |
| 20:27 | Create | Archer |
| 20:29 | Research | Gold Mining |
| 20:30 | Research | Gold Mining |
Build order — wR.Prisma
First 150 of 948 actions detected
| 0:00 | Create | Villager (Male) |
| 0:01 | Build | House |
| 0:02 | Build | House |
| 0:12 | Create | Villager (Male) |
| 0:37 | Create | Villager (Male) |
| 0:40 | Create | Villager (Male) |
| 1:14 | Create | Villager (Male) |
| 1:53 | Create | Villager (Male) |
| 2:13 | Build | Lumber Camp |
| 2:23 | Create | Villager (Male) |
| 2:31 | Create | Villager (Male) |
| 3:06 | Create | Villager (Male) |
| 3:38 | Create | Villager (Male) |
| 3:51 | Build | House |
| 4:01 | Create | Villager (Male) |
| 4:17 | Create | Villager (Male) |
| 4:36 | Create | Villager (Male) |
| 4:51 | Create | Villager (Male) |
| 5:03 | Build | Barracks |
| 5:13 | Create | Villager (Male) |
| 5:45 | Build | House |
| 6:06 | Create | Villager (Male) |
| 6:40 | Create | Villager (Male) |
| 7:09 | Research | Feudal Age |
| 7:09 | Research | Feudal Age |
| 7:12 | Build | Mill |
| 7:27 | Create | Militia |
| 7:27 | Create | Militia |
| 7:42 | Create | Militia |
| 7:42 | Create | Militia |
| 7:49 | Research | Loom |
| 8:28 | Build | Mining Camp |
| 8:53 | Create | Villager (Male) |
| 9:08 | Build | Palisade Wall |
| 9:19 | Age | Feudal Age |
| 9:20 | Build | Archery Range |
| 9:26 | Research | Double-Bit Axe |
| 9:39 | Create | Villager (Male) |
| 9:50 | Build | Palisade Wall |
| 9:52 | Build | Mill |
| 9:54 | Create | Archer |
| 9:54 | Create | Archer |
| 9:54 | Create | Archer |
| 9:58 | Build | House |
| 10:00 | Build | Palisade Wall |
| 10:09 | Create | Villager (Male) |
| 10:12 | Create | Archer |
| 10:31 | Create | Archer |
| 10:33 | Create | Villager (Male) |
| 10:54 | Create | Villager (Male) |
| 11:07 | Build | Farm |
| 11:18 | Create | Villager (Male) |
| 11:21 | Build | House |
| 11:24 | Create | Archer |
| 11:41 | Build | Farm |
| 11:51 | Create | Villager (Male) |
| 11:59 | Build | Palisade Wall |
| 12:00 | Build | Palisade Wall |
| 12:02 | Build | Palisade Wall |
| 12:06 | Build | Palisade Wall |
| 12:07 | Build | Palisade Wall |
| 12:22 | Create | Archer |
| 12:23 | Create | Villager (Male) |
| 12:30 | Build | Farm |
| 12:33 | Create | Archer |
| 12:34 | Create | Villager (Male) |
| 12:40 | Build | House |
| 12:41 | Build | Palisade Wall |
| 12:45 | Create | Villager (Male) |
| 12:48 | Build | Farm |
| 13:01 | Create | Villager (Male) |
| 13:03 | Build | Farm |
| 13:15 | Create | Villager (Male) |
| 13:17 | Build | Farm |
| 13:52 | Build | House |
| 13:55 | Create | Villager (Male) |
| 13:59 | Build | Market |
| 14:19 | Build | Blacksmith |
| 14:23 | Create | Archer |
| 14:30 | Build | Farm |
| 14:32 | Build | House |
| 14:38 | Build | House |
| 14:40 | Create | Archer |
| 14:44 | Build | House |
| 14:46 | Build | Palisade Wall |
| 14:57 | Build | House |
| 15:01 | Research | Fletching |
| 15:05 | Create | Villager (Male) |
| 15:10 | Build | Farm |
| 15:14 | Create | Villager (Male) |
| 15:17 | Build | House |
| 15:18 | Build | House |
| 15:20 | Create | Archer |
| 15:21 | Create | Archer |
| 15:22 | Create | Villager (Male) |
| 15:24 | Build | Palisade Wall |
| 15:33 | Create | Skirmisher |
| 15:36 | Create | Villager (Male) |
| 15:46 | Build | Palisade Wall |
| 15:48 | Build | Farm |
| 16:03 | Create | Skirmisher |
| 16:08 | Create | Villager (Male) |
| 16:10 | Build | Farm |
| 16:15 | Create | Skirmisher |
| 16:16 | Create | Villager (Male) |
| 16:22 | Build | Farm |
| 16:31 | Create | Eagle Scout |
| 16:38 | Build | Farm |
| 16:40 | Build | Farm |
| 16:55 | Create | Eagle Scout |
| 16:58 | Create | Villager (Male) |
| 17:10 | Create | Eagle Scout |
| 17:19 | Build | Farm |
| 17:20 | Build | Farm |
| 17:40 | Create | Skirmisher |
| 17:42 | Build | Farm |
| 17:43 | Build | Farm |
| 18:01 | Create | Villager (Male) |
| 18:32 | Research | Castle Age |
| 18:34 | Create | Skirmisher |
| 18:41 | Build | Archery Range |
| 18:46 | Research | Horse Collar |
| 18:56 | Build | Lumber Camp |
| 19:15 | Create | Archer |
| 19:39 | Research | Padded Archer Armor |
| 19:40 | Research | Gold Mining |
| 19:51 | Create | Archer |
| 19:58 | Create | Villager (Male) |
| 20:00 | Create | Archer |
| 20:02 | Create | Archer |
| 20:08 | Build | Farm |
| 20:16 | Create | Archer |
| 20:27 | Create | Archer |
| 20:42 | Create | Archer |
| 20:45 | Create | Archer |
| 20:51 | Create | Archer |
| 21:12 | Age | Castle Age |
| 21:13 | Build | University |
| 21:15 | Research | Crossbowman (upgrade) |
| 21:19 | Research | Bodkin Arrow |
| 21:19 | Research | Bodkin Arrow |
| 21:24 | Create | Villager (Male) |
| 22:01 | Create | Villager (Male) |
| 22:07 | Research | Ballistics |
| 22:07 | Research | Ballistics |
| 22:12 | Create | Villager (Male) |
| 22:31 | Create | Archer |
| 22:33 | Create | Villager (Male) |
| 22:44 | Build | Monastery |
| 22:54 | Create | Archer |
Match timeline
| 4:18 | SalzZ_classicpro · first_building Barracks |
| 5:03 | wR.Prisma · first_building Barracks |
| 6:53 | SalzZ_classicpro · wall_segment Palisade Wall x8 |
| 7:20 | SalzZ_classicpro · wall_segment Palisade Wall x9 |
| 7:49 | SalzZ_classicpro · wall_segment Palisade Wall x2 |
| 7:51 | SalzZ_classicpro · wall_segment Palisade Wall x1 |
| 8:50 | SalzZ_classicpro · wall_segment Palisade Wall x8 |
| 8:51 | SalzZ_classicpro · wall_segment Palisade Wall x3 |
| 8:55 | SalzZ_classicpro · wall_segment Palisade Wall x3 |
| 8:55 | SalzZ_classicpro · wall_segment Palisade Wall x1 |
| 8:56 | SalzZ_classicpro · wall_segment Palisade Wall x1 |
| 9:08 | wR.Prisma · wall_segment Palisade Wall x1 |
| 9:19 | wR.Prisma · age_up feudal |
| 9:20 | wR.Prisma · first_building Archery Range |
| 9:34 | SalzZ_classicpro · wall_segment Palisade Wall x2 |
| 9:35 | SalzZ_classicpro · wall_segment Palisade Wall x1 |
| 9:50 | wR.Prisma · wall_segment Palisade Wall x1 |
| 10:00 | wR.Prisma · wall_segment Palisade Wall x2 |
| 11:20 | SalzZ_classicpro · age_up feudal |
| 11:22 | SalzZ_classicpro · first_building Archery Range |
| 11:59 | wR.Prisma · wall_segment Palisade Wall x1 |
| 12:00 | wR.Prisma · wall_segment Palisade Wall x1 |
| 12:02 | wR.Prisma · wall_segment Palisade Wall x1 |
| 12:06 | wR.Prisma · wall_segment Palisade Wall x1 |
| 12:07 | wR.Prisma · wall_segment Palisade Wall x1 |
| 12:21 | SalzZ_classicpro · wall_segment Palisade Wall x1 |
| 12:41 | wR.Prisma · wall_segment Palisade Wall x1 |
| 13:34 | SalzZ_classicpro · wall_segment Palisade Wall x1 |
| 13:53 | SalzZ_classicpro · wall_segment Palisade Wall x1 |
| 14:23 | SalzZ_classicpro · wall_segment Palisade Wall x1 |
| 14:46 | wR.Prisma · wall_segment Palisade Wall x1 |
| 15:24 | wR.Prisma · wall_segment Palisade Wall x1 |
| 15:46 | wR.Prisma · wall_segment Palisade Wall x1 |
| 20:17 | SalzZ_classicpro · first_building Stable |
| 20:41 | SalzZ_classicpro · wall_segment Palisade Wall x1 |
| 21:12 | wR.Prisma · age_up castle |
| 21:41 | SalzZ_classicpro · age_up castle |
| 21:50 | SalzZ_classicpro · first_building Monastery |
| 22:44 | wR.Prisma · first_building Monastery |
| 26:43 | SalzZ_classicpro · first_market_buy 100 food |
| 27:43 | wR.Prisma · first_building Siege Workshop |
| 29:12 | SalzZ_classicpro · first_building Siege Workshop |
| 31:08 | wR.Prisma · first_market_buy 100 stone |
| 31:13 | wR.Prisma · first_market_sell 100 wood |
| 34:06 | wR.Prisma · first_building Castle |
| 34:15 | SalzZ_classicpro · first_market_sell 100 wood |
| 34:24 | wR.Prisma · age_up imperial |
| 35:26 | SalzZ_classicpro · first_building Castle |
| 37:33 | SalzZ_classicpro · age_up imperial |
| 64:34 | wR.Prisma · resign |
[ AI ANALYSIS · 1 CREDIT ]
What really happened in this match?
Wolo.gg analyzes every decision: build order, eco, micro, common mistakes by bracket. Personalized analysis on WhatsApp or Discord in 30 seconds.
Civ guide
Armenians
Perfil
Jugador #1754629